Map: Acid Plant LE

Players

axu - Winner!

  • Race: Protoss Protoss
  • League: Platinum
  • Spawn Location: 5:00

ApmMaxer

  • Race: Protoss Protoss
  • League: Platinum
  • Spawn Location: 11:00

VOD

Have the link to the VOD?

Description

Time

  • Played on: April 11, 2018, 2:18 p.m.
  • Length: 10:19
Show
View Real Time Build Order
Export as new Build Order

axu Protoss - Winner!

Build Orders: Oracle Opening 

Get SALT Encoding   

  12  0:00  Probe  
  13  0:13  Probe  
  14  0:18  Pylon  
  14  0:25  Probe  
  15  0:38  Probe  
  15  0:40  Gateway  
  16  0:50  Assimilator, Probe (Chrono Boost)  
  17  1:02  Probe (Chrono Boost)  
  18  1:06  Assimilator  
  18  1:08  Probe (Chrono Boost)  
  18  1:11  Gateway  
  19  1:16  Probe (Chrono Boost)  
  21  1:26  Probe (Chrono Boost)  
  21  1:30  Cybernetics Core  
  21  1:31  Probe (Chrono Boost)  
  22  1:42  Probe  
  23  1:48  Pylon  
  23  2:06  Probe  
  24  2:08  Adept (Chrono Boost)  
  24  2:10  Warp Gate  
  28  2:16  Adept (Chrono Boost)  
  28  2:18  Probe  
  29  2:26  Stalker (Chrono Boost)  
  31  2:32  Pylon  
  31  2:50  Stalker  
  33  2:52  Stargate, Probe  
  34  3:04  Probe  
  34  3:05  Stalker  
  35  3:37  Probe  
  34  3:41  Oracle (Chrono Boost)  
  34  3:47  Stalker, Nexus  
  39  3:53  Pylon  
  39  4:11  Probe  
  40  4:23  Probe  
  41  4:32  Shield Battery  
  41  4:36  Probe  
  42  5:06  Probe  
  43  5:13  Probe  
  44  5:18  Stalker x2, Probe  
  49  5:34  Robotics Facility  
  49  5:38  Gateway  
  49  5:41  Gateway  
  49  5:42  Gateway  
  49  5:44  Stalker x2, Twilight Council  
  49  5:47  Gateway  
  53  5:51  Probe (Chrono Boost)  
  53  5:52  Probe (Chrono Boost)  
  53  5:54  Assimilator  
  55  5:58  Assimilator  
  55  6:02  Forge  
  55  6:03  Probe x2 (Chrono Boost)  
  49  6:50  Probe x2  
  51  6:55  Stalker x4  
  51  6:56  Stalker  
  61  7:01  Pylon  
  61  7:03  Nexus  
  61  7:04  Pylon  
  61  7:05  Probe (Chrono Boost)  
  61  7:07  Pylon  
  62  7:15  Blink  
  62  7:17  Protoss Ground Weapons Level 1  
  62  7:18  Probe (Chrono Boost)  
  62  7:20  Immortal (Chrono Boost), Probe (Chrono Boost)  
  62  7:22  Forge  
  68  7:26  Stalker x4  
  68  7:28  Probe  
  77  7:42  Pylon, Probe x2  
  79  7:47  Pylon  
  79  7:54  Probe x2  
  79  7:56  Observer (Chrono Boost)  
  82  8:06  Probe  
  82  8:07  Probe  
  82  8:09  Assimilator  
  84  8:15  Assimilator  
  84  8:16  Sentry x3  
  84  8:18  Gateway x2  
  90  8:22  Gateway  
  90  8:37  Stalker x3  
  85  8:56  Stalker x2  
  85  8:57  Stalker  
  85  8:58  Immortal  
  93  9:11  Stalker x3  
Show
View Real Time Build Order
Export as new Build Order

ApmMaxer Protoss 

Build Orders: Double Forge 

Get SALT Encoding   

  12  0:00  Probe (Chrono Boost)  
  13  0:10  Probe (Chrono Boost)  
  14  0:18  Pylon  
  14  0:21  Probe  
  15  0:36  Probe  
  15  0:38  Gateway  
  16  0:48  Probe  
  16  0:49  Assimilator  
  17  1:00  Probe (Chrono Boost)  
  17  1:04  Assimilator  
  19  1:12  Probe (Chrono Boost)  
  19  1:13  Pylon  
  19  1:17  Probe (Chrono Boost)  
  20  1:26  Probe  
  20  1:27  Cybernetics Core  
  21  1:38  Probe  
  22  1:50  Probe  
  23  2:01  Stalker (Chrono Boost)  
  23  2:06  Warp Gate  
  23  2:07  Probe  
  26  2:15  Pylon  
  26  2:19  Probe  
  27  2:25  Stalker  
  29  2:31  Probe  
  29  2:36  Robotics Facility  
  30  2:43  Forge  
  29  2:55  Stalker  
  31  2:58  Forge  
  31  3:03  Probe (Chrono Boost)  
  32  3:15  Probe (Chrono Boost)  
  26  3:46  Probe  
  27  3:49  Nexus  
  27  3:58  Probe  
  28  4:04  Photon Cannon  
  28  4:08  Protoss Ground Weapons Level 1 (Chrono Boost)  
  28  4:14  Probe  
  29  4:27  Probe  
  30  4:35  Photon Cannon  
  29  4:55  Gateway  
  29  4:58  Stalker  
  29  5:03  Robotics Facility  
  29  5:06  Probe  
  29  5:15  Probe  
  29  5:18  Probe  
  31  5:25  Shield Battery  
  31  5:32  Probe x2  
  33  5:44  Probe x2  
  35  5:50  Photon Cannon  
  35  5:53  Immortal (Chrono Boost)  
  35  5:56  Probe  
  40  6:01  Probe (Chrono Boost)  
  42  6:13  Probe x2 (Chrono Boost)  
  43  6:22  Probe (Chrono Boost)  
  42  6:50  Pylon  
  42  6:53  Pylon  
  42  6:58  Immortal (Chrono Boost)  
  46  7:05  Pylon  
  46  7:11  Protoss Ground Armor Level 1 (Chrono Boost)  
  46  7:12  Pylon  
  50  7:16  Immortal (Chrono Boost)  
  50  7:18  Probe  
  50  7:21  Assimilator  
  51  7:26  Pylon  
  51  7:30  Probe  
  51  7:33  Stalker  
  51  7:35  Stalker  
  56  7:37  Pylon  
  56  7:38  Pylon  
  56  7:42  Probe  
  61  7:45  Twilight Council  
  61  7:47  Immortal (Chrono Boost)  
  61  7:53  Nexus  
  61  7:54  Probe  
  61  7:56  Photon Cannon  
  61  7:57  Probe  
  63  8:06  Probe  
  63  8:09  Gateway, Probe  
  65  8:13  Pylon  
  65  8:18  Probe  
  65  8:19  Shield Battery  
  66  8:21  Probe  
  67  8:31  Probe  
  67  8:33  Probe  
  63  8:43  Probe  
  50  8:50  Immortal  
  50  8:51  Immortal  
  50  8:55  Stalker, Probe  
  61  8:57  Probe  
  62  9:07  Probe  
  59  9:19  Probe  
  59  9:20  Probe  
  60  9:29  Immortal  
  65  9:36  Photon Cannon  
  65  9:38  Immortal, Pylon  
  68  9:43  Stalker  
  68  9:49  Stalker  
Tags
 
Add a new tag
Caveats
  • Supply blocks, unpowered buildings, or Contaminate may cause inaccurate times.
  • Supply counts are checked every 10 seconds.